 Dungeon Crawl Stone Soup version 0.22.0-36-g8e74550d25 (webtiles) character file.

79 Hanswurst the Chopper (level 4, 0/40 HPs)
             Began as a Hill Orc Monk on Aug 25, 2018.
             Killed from afar by an orc wizard (7 damage)
             ... with a puff of frost
             ... on level 3 of the Dungeon.
             The game lasted 00:09:18 (2015 turns).

Hanswurst the Chopper (Hill Orc Monk)               Turns: 2015, Time: 00:09:19

Health: 0/40       AC:  6    Str: 19    XL:     4   Next: 37%
Magic:  4/4        EV: 14    Int: 10    God:
Gold:   124        SH:  0    Dex: 13    Spells: 3/3 levels left

rFire    . . .     SeeInvis .   a - +0 hand axe
rCold    . . .     Gourm    .   (no shield)
rNeg     . . .     Faith    .   t - +0 scale mail
rPois    .         Spirit   .   (no helmet)
rElec    .         Reflect  .   (no cloak)
rCorr    .         Harm     .   (no gloves)
MR       .....                  (no boots)
Stlth    +.........             d - amulet of rage
HPRegen  0.13/turn              m - +3 ring of evasion
MPRegen  0.09/turn              (no ring)

@: mighty
A: no striking features
a: Evoke Berserk Rage


You were on level 3 of the Dungeon.
You were hungry.

You visited 1 branch of the dungeon, and saw 3 of its levels.

You collected 124 gold pieces.

Inventory:

Hand Weapons
 a - a +0 hand axe (weapon)
Missiles
 h - 7 tomahawks (quivered)
Armour
 b - a +0 robe
 g - a +0 leather armour
 t - a +0 scale mail (worn)
Jewellery
 d - an amulet of rage (around neck)
 m - a +3 ring of evasion (left hand)
Scrolls
 e - 2 scrolls of teleportation {unknown}
 i - 3 scrolls of identify {unknown}
 j - 2 scrolls of amnesia {unknown}
 l - a scroll of fog {unknown}
 n - 2 scrolls of magic mapping {unknown}
 o - 2 scrolls of enchant weapon {unknown}
 p - a scroll of remove curse {unknown}
 u - a scroll of fear {unknown}
Potions
 f - 2 potions of might
 k - a potion of curing {unknown}
 q - a potion of resistance {unknown}
 s - a potion of invisibility {unknown}
Comestibles
 c - 7 rations
 r - 6 chunks of flesh


   Skills:
 + Level 4.1 Fighting
 + Level 5.0 Axes
 + Level 0.3 Throwing
 + Level 0.7 Armour
 + Level 2.8 Dodging
 + Level 2.2 Stealth


You had 3 spell levels left.
You didn't know any spells.
Your spell library was empty.

Dungeon Overview and Level Annotations

Branches:
Dungeon (3/15)

Altars:
Elyvilon
Makhleb


Message History

You completely miss something. Something hits you but does no damage.
You hear some strange, mumbled words.
A magic dart appears from out of thin air!
The magic dart hits you! Something barely misses you.
You hear some strange, mumbled words.
A puff of flame appears from out of thin air!
The puff of flame hits you!
* * * LOW HITPOINT WARNING * * *
Something hits you but does no damage.
You hear some strange, mumbled words.
A puff of frost appears from out of thin air!
The puff of frost misses you.
An orc comes into view. It is wielding a mace.
It was a potion of might.
You feel very mighty all of a sudden.
You hear some strange, mumbled words.
A puff of frost appears from out of thin air!
The puff of frost hits you!
You die...

♣♣.....♣♣
♣♣.......♣♣
♣...≈≈≈...♣
#..≈≈≈≈≈..#
#..≈o♣≈≈..#
#..≈≈≈≈≈..#
#...≈≈≈..(#
#.#†......#########
#..#.....#.@.......
#..###.###{########
#.#. #...l.# ..##o
#####.# ... #. #.#
## #.# ..# ... .##


You could see an orc and a frilled lizard.

Vanquished Creatures
  3 adders
  2 worms (D:2)
  2 dart slugs
  3 leopard geckos
  An orc (D:3)
  8 bats
  A giant cockroach (D:2)
  2 goblins
  2 hobgoblins (D:2)
  3 jackals (D:3)
  A ball python (D:3)
  3 frilled lizards (D:2)
  5 kobolds
  2 rats (D:1)
38 creatures vanquished.

Notes
Turn   | Place    | Note
-------+----------+-------------------------------------------
     0 | D:1      | Hanswurst the Hill Orc Monk began the quest for the Orb.
     0 | D:1      | Reached XP level 1. HP: 19/19 MP: 1/1
   319 | D:1      | Reached XP level 2. HP: 23/27 MP: 2/2
   893 | D:2      | Found a burning altar of Makhleb.
  1183 | D:2      | Reached XP level 3. HP: 26/33 MP: 3/3
  1636 | D:2      | Reached XP level 4. HP: 40/40 MP: 4/4
  1936 | D:3      | Found a white marble altar of Elyvilon.
  1949 | D:3      | Reached skill level 5 in Axes
  2015 | D:3      | Killed from afar by an orc wizard

Skill      XL: |  1  2  3  4 |
---------------+-------------+-----
Fighting       | 4 |  4.1
Stealth        | 2 |  2.2
Axes           | 5 |  5.0
Throwing       | |  0.3
Armour         | |  0.7
Dodging        | |  2.8

Action                   |  1- 3 |  4- 6 || total
-------------------------+-------+-------++-------
Melee: Hand axe          |   105 |    54 ||   159
Throw: Tomahawk          |     7 |     1 ||     8
  Use: Potion            |       |     1 ||     1
 Stab: Sleeping          |     3 |       ||     3
  Eat: Chunk             |     2 |     1 ||     3
Armor: Leather armour    |     5 |       ||     5
       Robe              |     1 |       ||     1
       Scale mail        |    29 |    23 ||    52
Dodge: Dodged            |    63 |    51 ||   114
